 Dungeon Crawl Stone Soup version 0.28.0-1-gb440e238dd (webtiles) character file.

Game seed: 12761409742486461768

39555 theElss the Fighter (level 14, 0/94 HPs)
             Began as a Gargoyle Berserker on Feb 27, 2022.
             Was a High Priest of Trog.
             Slain by a spriggan (8 damage)
             ... on level 6 of the Lair of Beasts.
             The game lasted 00:40:55 (19930 turns).

theElss the Fighter (Gargoyle Berserker)           Turns: 19930, Time: 00:40:56

Health: 0/94       AC: 33    Str: 23    XL:     14   Next: 7%
Magic:  14/14      EV: 10    Int:  9    God:    Trog [*****.]
Gold:   612        SH:  4    Dex: 11    Spells: 13/13 levels left

rFire   . . .      SeeInvis +   v - +2 flail (drain)
rCold   . . .      Faith    +   V - +0 buckler
rNeg    + . .      Spirit   .   U - +0 plate armour
rPois   ∞          Reflect  .   w - +0 helmet
rElec   +          Harm     .   z - +0 cloak
rCorr   .          Rampage  +   c - +1 pair of gloves
Will    +....                   K - +0 pair of boots {rampage}
Stlth   ..........              S - amulet of faith
HPRegen 0.25/turn               G - ring of see invisible
MPRegen 0.14/turn               (no ring)

@: on berserk cooldown, flying, slowed, very slow
A: sickness immunity, AC +10, big wings, negative energy resistance 1,
electricity resistance, torment resistance 1, petrification resistance
a: Renounce Religion, Berserk, Trog's Hand, Brothers in Arms


You were on level 6 of the Lair of Beasts.
You worshipped Trog.
Trog was extremely pleased with you.
You visited 2 branches of the dungeon, and saw 15 of its levels.

You collected 1087 gold pieces.
You spent 475 gold pieces at shops.

Inventory:

Hand Weapons
 v - a +2 flail of draining (weapon)
 C - a +0 morningstar
 O - a +2 dire flail of protection
Missiles
 N - 2 throwing nets (quivered)
Armour
 c - a +1 pair of gloves (worn)
 w - a +0 helmet (worn)
 z - a +0 cloak (worn)
 K - a +0 pair of boots of rampaging (worn)
 U - a +0 plate armour (worn)
 V - a +0 buckler (worn)
Jewellery
 f - an amulet of reflection
 G - a ring of see invisible (left hand)
 I - an amulet of regeneration
 P - an amulet of the acrobat
 S - an amulet of faith (around neck)
Wands
 q - a wand of iceblast (29)
 x - a wand of flame (27)
 E - a wand of mindburst (18)
 F - a wand of digging (8)
 M - a wand of charming (8)
Scrolls
 a - a scroll of holy word
 h - 2 scrolls of noise
 i - a scroll of summoning {unknown}
 k - 3 scrolls of enchant weapon
 m - 2 scrolls of fear
 n - 2 scrolls of immolation
 p - a scroll of magic mapping {unknown}
 t - a scroll of enchant armour {unknown}
 y - a scroll of silence {unknown}
 B - a scroll of torment {unknown}
 J - a scroll of vulnerability {unknown}
 Q - a scroll of blinking {unknown}
 T - a scroll of fog {unknown}
Potions
 b - 8 potions of curing
 d - 3 potions of invisibility
 l - 6 potions of magic
 o - a potion of resistance
 r - 2 potions of lignification
 u - a potion of flight
 D - 3 potions of cancellation
 H - a potion of haste
 L - 3 potions of heal wounds
 R - 2 potions of ambrosia


   Skills:
 + Level 13.5 Fighting
 + Level 12.5 Maces & Flails
 + Level 13.2 Armour
 + Level 10.3 Dodging
 + Level 2.8 Shields


You had 13 spell levels left.
You didn't know any spells.
Your spell library was empty.

Dungeon Overview and Level Annotations

Branches:
Dungeon (9/15)             Temple (0/1) D:5            Lair (6/6) D:9
  Swamp (0/4) Lair:3       Spider (0/4) Lair:4        Slime (0/5) Lair:5
    Orc (0/2) D:9

Altars:
Okawaru
Wu Jian

Shops:
D:9 !*[**

Annotations:
D:6 2 transporters


Innate Abilities, Weirdness & Mutations

You are immune to sickness and miasma.
Your stone body is resilient. (AC +10)
You are immune to poison.
Your large and strong wings let you fly.
You resist negative energy. (rN+)
You are resistant to electric shocks. (rElec)
You are resistant to unholy torment.
You are immune to petrification.


Message History

You barely miss the spriggan.
The spriggan is almost dead.
You feel a strong urge to attack something.
Your skin stops crawling.
You feel less strong-willed.
Things that are here:
a +0 rapier; a +0 robe; a spriggan corpse You are no longer berserk.
You are exhausted.
You feel yourself slow down.
You feel much better. The death yak gores you!
* * * LOW HITPOINT WARNING * * *
Unknown command.
You block the spriggan's attack.
Your deep troll goes berserk!
You block the wolf's attack.
The death yak snorts and paws the ground.
The death yak gores you.
* * * LOW HITPOINT WARNING * * *
You block the wolf's attack. The death yak gores you.
* * * LOW HITPOINT WARNING * * *
The wolf closely misses you.
Okay, then.
The wolf bites you but does no damage.
Your deep troll bites the death yak!
Your deep troll claws the death yak.
Your deep troll claws the death yak!!
You hear an angry hiss.
Your deep troll rages.
Your deep troll bites the death yak but does no damage.
Your deep troll claws the death yak!!
Your deep troll barely misses the death yak.
Your deep troll bites the death yak!
Your deep troll claws the death yak!! x2
The death yak dies!
The death yak's corpse dissolves into shadows!
The spriggan blocks your deep troll's attack.
Your deep troll barely misses the spriggan.
Your deep troll closely misses the spriggan.
Your deep troll closely misses the wolf.
Your deep troll claws the wolf!
Your deep troll completely misses the wolf.
The wolf bites your deep troll! The spriggan hits you with a +0 rapier!
You die...

♣.iY†l♣
♣)♣♣ ♣♣.♣♣
♣lg♣ ♣.
♣Yi♣ ♣.
♣♣h♣♣ ♣.♣♣
♣.T♣ ♣..♣
♣i♣♣
♣.♣♣♣@♣
♣♣..♣.♣♣
♣..♣...♣
♣....♣..♣
♣♣..♣♣♣..♣
♣..♣ ♣...
### ♣♣.♣
♣♣♣♣ #.#
♣♣.♣ ♣♣♣
##† ♣†♣♣
♣♣.♣ #..


You could see a komodo dragon (summoned), a yak (summoned), 2 spriggans, a wolf
(ally target), a boggart (invisible) and a friendly deep troll (summoned,
berserk).

Vanquished Creatures
  Harold (Lair:1)
  9 hydras
  A boulder beetle (Lair:5)
  A catoblepas (Lair:6)
  A two-headed ogre (D:8)
  Urug (Lair:5)
  6 elephants
  4 black mambas
  9 cane toads
  2 torpor snails
  5 komodo dragons
  7 rime drakes
  A troll (D:5)
  7 polar bears
  5 hornets
  6 blink frogs
  4 dream sheep (Lair:6)
  28 yaks
  4 spriggans (Lair:6)
  2 basilisks (Lair:4)
  7 wyverns
  3 vampire mosquitoes (Lair:3)
  5 wargs
  20 water moccasins
  A sky beast (D:8)
  2 orc warriors (D:8)
  7 black bears
  An ice beast (D:7)
  A necrophage (D:7)
  8 ogres
  30 wolves
  A phantom (D:6)
  4 centaurs
  2 kobold brigands (D:8)
  12 bullfrogs
  5 gnoll sergeants (D:8)
  2 scorpions
  13 wights
  2 electric eels
  9 howler monkeys (D:8)
  6 centaur zombies
  10 hounds
  A gnoll shaman (D:8)
  5 jellies
  2 centaur skeletons
  8 orc priests
  An iguana (D:4)
  7 orc wizards
  A killer bee zombie (D:8)
  3 centaur simulacra (D:8)
  3 hound skeletons
  2 howler monkey skeletons
  A howler monkey zombie (D:9)
  4 adders
  5 gnolls (D:8)
  A shadow imp (D:8)
  2 white imps
  4 ufetubi
  A worm (D:5)
  A dart slug (D:3)
  35 orcs
  4 ball pythons
  7 bats
  2 endoplasms (Lair:5)
  4 giant cockroaches
  3 hobgoblins
  2 quokkas (D:1)
  3 frilled lizards
  3 goblins
  10 kobolds
  2 rats
382 creatures vanquished.

Vanquished Creatures (others)
  32 fungi
  32 plants
64 creatures vanquished.

Grand Total: 446 creatures vanquished

Notes
Turn   | Place    | Note
-------+----------+-------------------------------------------
     0 | D:1      | theElss the Gargoyle Berserker began the quest for the Orb.
     0 | D:1      | Reached XP level 1. HP: 14/14 MP: 1/1
   244 | D:1      | Reached XP level 2. HP: 10/19 MP: 2/2
  1336 | D:2      | Reached XP level 3. HP: 24/24 MP: 3/3
  1467 | D:2      | Found a faded altar of an unknown god.
  1858 | D:3      | Found an ornate altar of the Wu Jian Council.
  1870 | D:3      | Noticed an ogre
  1875 | D:3      | Killed an ogre
  1876 | D:3      | Reached XP level 4. HP: 17/29 MP: 4/4
  1876 | D:3      | Reached XP level 5. HP: 20/33 MP: 5/5
  2590 | D:4      | Reached XP level 6. HP: 26/39 MP: 6/6
  3290 | D:4      | Reached ** piety under Trog
  3462 | D:5      | Entered Level 5 of the Dungeon
  3524 | D:5      | Noticed a troll
  3534 | D:5      | Killed a troll
  3535 | D:5      | Reached skill level 5 in Fighting
  3535 | D:5      | Reached XP level 7. HP: 27/44 MP: 7/7
  3734 | D:5      | Reached skill level 5 in Maces & Flails
  3811 | D:5      | Reached skill level 5 in Armour
  3816 | D:5      | Reached XP level 8. HP: 31/51 MP: 8/8
  4195 | D:5      | Found a staircase to the Ecumenical Temple.
  5016 | D:6      | Noticed a queen bee
  5048 | D:6      | Found a transporter.
  5050 | D:6      | Found a transporter.
  5157 | D:6      | Noticed a hornet
  5168 | D:6      | Killed a hornet
  5260 | D:6      | Reached XP level 9. HP: 56/56 MP: 9/9
  5358 | D:6      | Reached skill level 5 in Dodging
  7354 | D:8      | Noticed a polar bear
  7357 | D:8      | Noticed a polar bear
  7679 | D:8      | Killed a polar bear
  8041 | D:8      | Reached XP level 10. HP: 64/64 MP: 10/10
  8396 | D:8      | Noticed a two-headed ogre
  8592 | D:8      | Reached *** piety under Trog
  9430 | D:8      | Killed a two-headed ogre
  9881 | D:9      | Found Yfot Ibafy's Assorted Antiques.
  9889 | D:9      | Bought a scroll of teleportation for 87 gold pieces
  9897 | D:9      | Found Warph's General Store.
  9902 | D:9      | Bought 3 scrolls of teleportation for 108 gold pieces
  9934 | D:9      | Reached XP level 11. HP: 58/71 MP: 11/11
 10158 | D:9      | Found a staircase to the Lair.
 10206 | D:9      | Found Alooq's Antique Armour Shoppe.
 10214 | D:9      | Bought a pair of runed boots for 150 gold pieces
 10307 | D:9      | Reached **** piety under Trog
 10369 | D:9      | Found Qucaod's Assorted Antiques.
 10387 | D:9      | Found Reluwiach's Distillery.
 10394 | D:9      | Bought a potion of heal wounds for 65 gold pieces
 10394 | D:9      | Bought a potion of heal wounds for 65 gold pieces
 10478 | D:9      | Found a staircase to the Orcish Mines.
 10491 | D:9      | Reached skill level 10 in Fighting
 10756 | Lair:1   | Entered Level 1 of the Lair of Beasts
 10871 | Lair:1   | Noticed Harold
 10884 | Lair:1   | Killed Harold
 10902 | Lair:1   | Reached skill level 10 in Armour
 11563 | Lair:1   | Noticed a four-headed hydra
 11586 | Lair:1   | Killed a four-headed hydra
 11587 | Lair:1   | Reached skill level 10 in Maces & Flails
 11607 | Lair:1   | Reached XP level 12. HP: 58/79 MP: 12/12
 12699 | Lair:2   | Noticed a five-headed hydra
 12707 | Lair:2   | Killed a five-headed hydra
 13393 | Lair:3   | Noticed a six-headed hydra
 13490 | Lair:3   | Killed a six-headed hydra
 14005 | Lair:3   | Noticed a seven-headed hydra
 14018 | Lair:3   | Killed a seven-headed hydra
 14234 | Lair:3   | Found a staircase to the Swamp.
 14411 | Lair:3   | Noticed an eight-headed hydra
 14418 | Lair:3   | Killed an eight-headed hydra
 15090 | Lair:3   | Noticed a five-headed hydra
 15104 | Lair:3   | Killed a five-headed hydra
 15291 | Lair:4   | Reached XP level 13. HP: 74/86 MP: 13/13
 15390 | Lair:4   | Found an iron altar of Okawaru.
 16529 | Lair:4   | Found a hole to the Spider Nest.
 16937 | Lair:5   | Noticed Urug
 16960 | Lair:5   | Killed Urug
 17135 | Lair:5   | Reached ***** piety under Trog
 17175 | Lair:5   | Found a staircase to the Slime Pits.
 18819 | Lair:6   | Entered Level 6 of the Lair of Beasts
 19056 | Lair:6   | Reached skill level 10 in Dodging
 19393 | Lair:6   | Reached skill level 1 in Shields
 19781 | Lair:6   | Gained mutation: Your large and strong wings let you fly.
                  | [Gargoyle growth]
 19781 | Lair:6   | Reached XP level 14. HP: 87/94 MP: 14/14
 19914 | Lair:6   | HP: 6/141 [spriggan rider (13)]
 19930 | Lair:6   | Slain by a spriggan

Illustrated notes

Levels and vault maps discovered:
D:1:      wander_arrival_lonely_grave, layout_basic, minivault_4
D:2:      layout_rooms, shapermc_ecumenical_altar_notcrosses
D:3:      layout_basic, old_standard_altar, minmay_liquid_box
D:4:      minmay_inner_zag, layout_basic, hangedman_decor_push
D:5:      layout_basic, minmay_temple_entry_poolview
D:6:      layout_basic, gammafunk_ghost_hive, kennysheep_small_square
D:7:      layout_basic, serial_co_window_serial, co_window_paths_b,
          co_window_corner_a, co_window_paths_b, co_window_corner_a,
          co_window_corner_a, co_window_paths_a, co_window_of_opportunity_a,
          co_window_corner_b, co_window_broadway_a, co_window_broadway_b,
          co_window_of_opportunity_b, co_window_of_opportunity_b,
          co_window_corner_cb, co_window_4corner_a, glass_columns_b
D:8:      lemuel_castle_with_subvaults [lemuel_castle_interior_carwin_2],
          layout_gridville, serial_ice, serial_ice_a, serial_ice_i,
          serial_ice_h, serial_ice_d, serial_ice_o
D:9:      layout_roguey, erik_lair_orcish_takeover, david_orc_3, serial_shops,
          nicolae_shop_statue_plus, nicolae_shop_waterfront, shop,
          nicolae_square_shop, nicolae_shop_trees
Lair:1:   layout_loops_ring, uniq_harold
Lair:2:   layout_layer_cave
Lair:3:   layout_cave_pods, minmay_swamp_entry_swarm, hibernation_bobbens
Lair:4:   layout_cave_pods, dummy_spider_entry, basic_altar,
          serial_bayou_shore_b, grunt_megastairs_5
Lair:5:   layout_gridlike, nicolae_slime_entry_slimehenge, serial_bayou_shore_b,
          uniq_urug
Lair:6:   minmay_lair_end_enchanted_forest, layout_cave_pods,
          hangedman_lair_generics_rect

Skill      XL: |  1  2  3  4  5  6  7  8  9 10 11 12 13 |
---------------+----------------------------------------+-----
Dodging        | 2 3 4 6 7 8 9 10 | 10.3
Fighting       | 4 5 6 8 9 10 12 13 | 13.5
Armour         | 3 4 5 6 7 9 10 11 13 | 13.2
Maces & Flails | 4 5 6 7 8 10 11 12 | 12.5
Shields        | 2 |  2.8

Action                   |  1- 3 |  4- 6 |  7- 9 | 10-12 | 13-15 || total
-------------------------+-------+-------+-------+-------+-------++-------
Melee: Mace              |    87 |    57 |       |       |       ||   144
       Punch             |     2 |     2 |     3 |     8 |       ||    15
       Flail             |       |    17 |   259 |   786 |   548 ||  1610
       Dire flail        |       |       |       |     8 |       ||     8
Invok: Berserk           |     2 |     3 |    11 |    18 |     9 ||    43
       Trog's Hand       |       |       |     1 |     5 |     3 ||     9
       Brothers in Arms  |       |       |       |       |     1 ||     1
  Use: Scroll            |       |     6 |     2 |       |     9 ||    17
       Potion            |       |       |       |     1 |     1 ||     2
 Stab: Petrified         |       |       |       |       |     4 ||     4
       Petrifying        |       |       |       |       |     1 ||     1
Armor: Animal skin       |    34 |       |       |       |       ||    34
       Scale mail        |    14 |    49 |    73 |       |       ||   136
       Chain mail        |       |       |   118 |   494 |   138 ||   750
       Plate armour      |       |       |       |       |   259 ||   259
Dodge: Dodged            |    88 |    58 |   190 |   454 |   281 ||  1071
Block: Other             |       |       |       |   159 |     6 ||   165
       Reflection        |       |       |       |     6 |       ||     6
       Buckler           |       |       |       |       |    43 ||    43
